BSA
SEATTLE PIKES @ MAUI TROPICS
07/16/2026
 
TOP OF THE 1ST
Seattle Pikes batting - Pitching for Maui Tropics : RHP John Burris
Pitching: RHP John Burris
Batting: LHB Chad Weaver 0-0: Ball
1-0: Called Strike
1-1: SINGLE (Groundball, 34D)
Batting: RHB António Ortega 0-0: Swinging Strike
Chad Weaver steals 2nd base
0-1: Ball
1-1: Ball
2-1: Called Strike
2-2: Ground out 4-3 (Groundball, 4)
Chad Weaver to third
Batting: SHB António Hernández 0-0: Called Strike
0-1: Ball
1-1: Ball
Wild Pitch!
Chad Weaver scores
2-1: Foul Ball, location: 2F
2-2: Foul Ball, location: 2F
2-2: Foul Ball, location: 2F
2-2: Fly out, F6 (Popup, 6D)
Batting: RHB Alfredo Rivera 0-0: Ball
1-0: Swinging Strike
1-1: Ball
2-1: Foul Ball, location: 2F
2-2: Foul Ball, location: 2F
2-2: Ground out U3 (Groundball, 3)
Top of the 1st over - 1 run(s), 1 hit(s), 0 error(s), 0 left on base; Seattle 1 - Maui 0
BOTTOM OF THE 1ST
Maui Tropics batting - Pitching for Seattle Pikes : RHP Jesús Suárez
Pitching: RHP Jesús Suárez
Batting: RHB Jeff Packard 0-0: Ball
1-0: DOUBLE (Flyball, 89XD)
Batting: RHB Eugene Gill 0-0: Foul Ball, location: 2F
0-1: Swinging Strike
0-2: Ball
1-2: Ball
2-2: Foul Ball, location: 2F
2-2: Ground out U3 (Groundball, 3)
Jeff Packard to third
Batting: RHB José Herrera 0-0: Fly out, F8 (Line Drive, 8LM)
Batting: LHB Luis Antonio Torres 0-0: Ball
1-0: Called Strike
1-1: Swinging Strike
1-2: Foul Ball, location: 2F
1-2: Ground out 4-3 (Groundball, 4)
Bottom of the 1st over - 0 run(s), 1 hit(s), 0 error(s), 1 left on base; Seattle 1 - Maui 0
TOP OF THE 2ND
Seattle Pikes batting - Pitching for Maui Tropics : RHP John Burris
Batting: LHB Keith Tillman 0-0: Called Strike
0-1: Ball
1-1: Called Strike
1-2: Foul Ball, location: 2F
1-2: Strikes out looking
Batting: RHB Randy Sheppard 0-0: Called Strike
0-1: Ball
1-1: Ground out 6-3 (Groundball, 6)
Batting: RHB Arnold Harmon 0-0: Ball
1-0: Ball
2-0: Foul Ball, location: 2F
2-1: DOUBLE (Line Drive, 3L)
Batting: RHB Wallace Greene 0-0: Ball
1-0: Ground out 6-3 (Groundball, 6)
Top of the 2nd over - 0 run(s), 1 hit(s), 0 error(s), 1 left on base; Seattle 1 - Maui 0
BOTTOM OF THE 2ND
Maui Tropics batting - Pitching for Seattle Pikes : RHP Jesús Suárez
Batting: RHB José Rodríguez 0-0: Ball
1-0: Foul Ball, location: 2F
1-1: Called Strike
1-2: Strikes out swinging
Batting: RHB Michael Woodruff 0-0: Ball
1-0: Called Strike
1-1: Fly out, F8 (Flyball, 8RM)
Batting: LHB Henry Huffman 0-0: Foul Ball, location: 2F
0-1: Ball
1-1: Foul Ball, location: 2F
1-2: Foul Ball, location: 2F
1-2: Ball
2-2: Foul Ball, location: 2F
2-2: Fly out, F6 (Popup, 6D)
Bottom of the 2nd over - 0 run(s), 0 hit(s), 0 error(s), 0 left on base; Seattle 1 - Maui 0
TOP OF THE 3RD
Seattle Pikes batting - Pitching for Maui Tropics : RHP John Burris
Batting: RHB Manuel Rico 0-0: Called Strike
0-1: Ball
1-1: Called Strike
1-2: DOUBLE (Groundball, 3L)
Batting: LHB Chad Weaver 0-0: Foul Ball, location: 2F
0-1: Swinging Strike
0-2: Ground out 4-3 (Groundball, 4)
Manuel Rico to third
Batting: RHB António Ortega 0-0: Called Strike
0-1: Ball
1-1: Ball
2-1: Called Strike
2-2: SINGLE (Line Drive, 89S)
Manuel Rico scores
Batting: SHB António Hernández 0-0: Called Strike
0-1: Called Strike
0-2: Ball
1-2: Ball
2-2: Foul Ball, location: 2F
2-2: Fly out, F9 (Flyball, 9LD)
Batting: RHB Alfredo Rivera 0-0: Called Strike
0-1: Ball
1-1: Ball
2-1: Ball
3-1: Swinging Strike
3-2: Base on Balls
António Ortega to second
Batting: LHB Keith Tillman 0-0: Ball
Wild Pitch!
António Ortega to third
Alfredo Rivera to second
1-0: Foul Ball, location: 2F
1-1: Fly out, F7 (Flyball, 7S)
Top of the 3rd over - 1 run(s), 2 hit(s), 0 error(s), 2 left on base; Seattle 2 - Maui 0
BOTTOM OF THE 3RD
Maui Tropics batting - Pitching for Seattle Pikes : RHP Jesús Suárez
Batting: RHB Matt Silver 0-0: Called Strike
0-1: Foul Ball, location: 2F
0-2: Fly out, F9 (Flyball, 89D)
Batting: LHB Javier Espinoza 0-0: Ball
1-0: Called Strike
1-1: Swinging Strike
1-2: Ball
2-2: Ball
3-2: Foul Ball, location: 2F
3-2: Foul Ball, location: 2F
3-2: Foul Ball, location: 2F
3-2: Fly out, F7 (Flyball, 78D)
Batting: RHB Jeff Packard 0-0: Called Strike
0-1: Ball
1-1: Ground out 6-3 (Groundball, 6)
Bottom of the 3rd over - 0 run(s), 0 hit(s), 0 error(s), 0 left on base; Seattle 2 - Maui 0
TOP OF THE 4TH
Seattle Pikes batting - Pitching for Maui Tropics : RHP John Burris
Batting: RHB Randy Sheppard 0-0: Bunt missed!
0-1: Ground out 6-3 (Groundball, 6M)
Batting: RHB Arnold Harmon 0-0: Ball
1-0: Fly out, F4 (Line Drive, 4M)
Batting: RHB Wallace Greene 0-0: Ball
1-0: Called Strike
1-1: Ball
2-1: Ground out 6-3 (Groundball, 6M)
Top of the 4th over - 0 run(s), 0 hit(s), 0 error(s), 0 left on base; Seattle 2 - Maui 0
BOTTOM OF THE 4TH
Maui Tropics batting - Pitching for Seattle Pikes : RHP Jesús Suárez
Batting: RHB Eugene Gill 0-0: Called Strike
0-1: Ball
1-1: Ball
2-1: Fly out, F8 (Flyball, 8RXD)
Batting: RHB José Herrera 0-0: Ball
1-0: Ball
2-0: Foul Ball, location: 2F
2-1: Foul Ball, location: 2F
2-2: Strikes out swinging
Batting: LHB Luis Antonio Torres 0-0: Foul Ball, location: 2F
0-1: Ball
1-1: Foul Ball, location: 2F
1-2: Strikes out looking
Bottom of the 4th over - 0 run(s), 0 hit(s), 0 error(s), 0 left on base; Seattle 2 - Maui 0
TOP OF THE 5TH
Seattle Pikes batting - Pitching for Maui Tropics : RHP John Burris
Batting: RHB Manuel Rico 0-0: Hit by Pitch
Batting: LHB Chad Weaver 0-0: Ball
1-0: Fielders Choice at 2nd, 4-6 (Groundball, 4)
Batting: RHB António Ortega 0-0: Ball
1-0: Called Strike
1-1: Ball
2-1: Ball
3-1: Foul Ball, location: 2F
3-2: Foul Ball, location: 2F
3-2: Base on Balls
Chad Weaver to second
Batting: SHB António Hernández 0-0: Called Strike
0-1: 3-RUN HOME RUN (Flyball, 9D), Distance : 354 ft
Batting: RHB Alfredo Rivera 0-0: Ball
1-0: Foul Ball, location: 2F
1-1: Ball
2-1: Ground out 6-3 (Groundball, 56D)
Batting: LHB Keith Tillman 0-0: Called Strike
0-1: Ground out U3 (Groundball, 3)
Top of the 5th over - 3 run(s), 1 hit(s), 0 error(s), 0 left on base; Seattle 5 - Maui 0
BOTTOM OF THE 5TH
Maui Tropics batting - Pitching for Seattle Pikes : RHP Jesús Suárez
Batting: RHB José Rodríguez 0-0: Ground out 5-3 (Groundball, 5L)
Batting: RHB Michael Woodruff 0-0: Ball
1-0: Ground out 5-3 (Groundball, 56)
Batting: LHB Henry Huffman 0-0: Foul Ball, location: 2F
0-1: Called Strike
0-2: Ball
1-2: Fly out, F6 (Popup, 6D)
Bottom of the 5th over - 0 run(s), 0 hit(s), 0 error(s), 0 left on base; Seattle 5 - Maui 0
TOP OF THE 6TH
Seattle Pikes batting - Pitching for Maui Tropics : RHP John Burris
Batting: RHB Randy Sheppard 0-0: Ground out 1-3 (Groundball, 34S)
Batting: RHB Arnold Harmon 0-0: Bunt missed!
0-1: Foul Ball, location: 2F
0-2: Ball
1-2: Foul Ball, location: 2F
1-2: Ball
2-2: Ball
3-2: Ground out 6-3 (Groundball, 6M)
Batting: RHB Wallace Greene 0-0: Foul Ball, location: 2F
0-1: DOUBLE (Line Drive, 78XD)
Batting: RHB Manuel Rico 0-0: Fly out, F7 (Flyball, 78XD)
Top of the 6th over - 0 run(s), 1 hit(s), 0 error(s), 1 left on base; Seattle 5 - Maui 0
BOTTOM OF THE 6TH
Maui Tropics batting - Pitching for Seattle Pikes : RHP Jesús Suárez
Batting: RHB Matt Silver 0-0: Called Strike
0-1: Ball
1-1: Foul Ball, location: 2F
1-2: Fly out, F7 (Flyball, 7LM)
Batting: LHB Javier Espinoza 0-0: Called Strike
0-1: Ball
1-1: Ground out 1-3 (Groundball, 13)
Batting: RHB Jeff Packard 0-0: Ball
1-0: SINGLE (Flyball, 8RS)
Batting: RHB Eugene Gill 0-0: Called Strike
0-1: Called Strike
0-2: SINGLE (Groundball, 6M)
Jeff Packard to second
Batting: RHB José Herrera 0-0: Ball
1-0: Ground out 5-3 (Groundball, 56)
Bottom of the 6th over - 0 run(s), 2 hit(s), 0 error(s), 2 left on base; Seattle 5 - Maui 0
TOP OF THE 7TH
Seattle Pikes batting - Pitching for Maui Tropics : RHP John Burris
Pitching: RHP Brandon Mitchell
Batting: LHB Chad Weaver 0-0: Ball
1-0: Ground out 3-1 (Groundball, 34)
Batting: RHB António Ortega 0-0: Ball
1-0: Foul Ball, location: 2F
1-1: Ball
2-1: Swinging Strike
2-2: Fly out, F8 (Line Drive, 8LM)
Batting: SHB António Hernández 0-0: Called Strike
0-1: TRIPLE (Line Drive, 9LM)
Batting: RHB Alfredo Rivera 0-0: Called Strike
0-1: Ground out 5-3 (Groundball, 5L)
Top of the 7th over - 0 run(s), 1 hit(s), 0 error(s), 1 left on base; Seattle 5 - Maui 0
BOTTOM OF THE 7TH
Maui Tropics batting - Pitching for Seattle Pikes : RHP Jesús Suárez
Batting: LHB Luis Antonio Torres 0-0: Ground out 6-3 (Groundball, 6M)
Batting: RHB José Rodríguez 0-0: Foul Ball, location: 2F
0-1: Ball
1-1: Ground out 6-3 (Groundball, 6)
Batting: RHB Michael Woodruff 0-0: Called Strike
0-1: Called Strike
0-2: Ground out 5-3 (Groundball, 56)
Bottom of the 7th over - 0 run(s), 0 hit(s), 0 error(s), 0 left on base; Seattle 5 - Maui 0
TOP OF THE 8TH
Seattle Pikes batting - Pitching for Maui Tropics : RHP Brandon Mitchell
Batting: LHB Keith Tillman 0-0: Ground out 4-3 (Groundball, 4)
Batting: RHB Randy Sheppard 0-0: Ball
1-0: Ground out 5-3 (Groundball, 5L)
Batting: RHB Arnold Harmon 0-0: Ball
1-0: Foul Ball, location: 2F
1-1: Swinging Strike
1-2: Ground out 5-3 (Groundball, 5)
Top of the 8th over - 0 run(s), 0 hit(s), 0 error(s), 0 left on base; Seattle 5 - Maui 0
BOTTOM OF THE 8TH
Maui Tropics batting - Pitching for Seattle Pikes : RHP Jesús Suárez
Now at 3B: Iván Gonzáles
Batting: LHB Henry Huffman 0-0: Ball
1-0: Ball
2-0: Ball
3-0: Base on Balls
Batting: RHB Matt Silver 0-0: Ball
1-0: Fielders Choice at 2nd, 5-4 (Groundball, 56)
Batting: LHB Javier Espinoza 0-0: Called Strike
0-1: Ball
1-1: Ball
2-1: Ball
3-1: Foul Ball, location: 2F
3-2: Grounds into double play, 6-4-3 (Groundball, 6)
Bottom of the 8th over - 0 run(s), 0 hit(s), 0 error(s), 0 left on base; Seattle 5 - Maui 0
TOP OF THE 9TH
Seattle Pikes batting - Pitching for Maui Tropics : RHP Brandon Mitchell
Pitching: RHP Junior Mateo
Batting: RHB Wallace Greene 0-0: Ball
1-0: Ground out 5-3 (Groundball, 5S)
Batting: RHB Manuel Rico 0-0: Ball
1-0: Ball
2-0: Ground out 6-3 (Groundball, 6)
Batting: LHB Chad Weaver 0-0: Foul Ball, location: 2F
0-1: Ground out 5-3 (Groundball, 56)
Top of the 9th over - 0 run(s), 0 hit(s), 0 error(s), 0 left on base; Seattle 5 - Maui 0
BOTTOM OF THE 9TH
Maui Tropics batting - Pitching for Seattle Pikes : RHP Jesús Suárez
Pitching: LHP Manny Sandoval
Now at C: Tae-kwon Kwon
Now at 2B: Kazushige Aoki
Now in LF: Luis Espinoza
Batting: RHB Jeff Packard 0-0: Ball
1-0: Called Strike
1-1: Foul Ball, location: 2F
1-2: Ball
2-2: Strikes out swinging
Batting: RHB Eugene Gill 0-0: Foul Ball, location: 2F
0-1: Fly out, F8 (Flyball, 8RXD)
Batting: RHB José Herrera 0-0: Called Strike
0-1: Ball
1-1: Ball
2-1: SINGLE (Line Drive, 8LS)
Batting: LHB Luis Antonio Torres 0-0: Ball
1-0: Ball
2-0: Called Strike
2-1: Swinging Strike
2-2: Foul Ball, location: 2F
2-2: Strikes out looking
Bottom of the 9th over - 0 run(s), 1 hit(s), 0 error(s), 1 left on base; Seattle 5 - Maui 0
Monday, December 5th, 2016 - OOTP Baseball 17.12 Build 75